 Dungeon Crawl Stone Soup version 0.24.0-29-g8ce449bc06 (webtiles) character file.

Game seed: 1272773819257206239, levelgen mode: deterministic

3017 Delamore the Severer (level 9, -3/70 HPs)
             Began as a Hill Orc Fighter on Nov 14, 2019.
             Was a Priest of Qazlal.
             Splashed by Maurice's acid (14 damage)
             ... on level 8 of the Dungeon.
             The game lasted 00:10:03 (6332 turns).

Delamore the Severer (Hill Orc Fighter)             Turns: 6332, Time: 00:10:04

Health: -3/70      AC:  2    Str: 30    XL:     9   Next: 85%
Magic:  9/9        EV: 11    Int:  8    God:    Qazlal [***...]
Gold:   331        SH: 15    Dex: 12    Spells: 8/8 levels left

rFire    + . .     SeeInvis .   a - +0 war axe
rCold    x . .     Gourm    .   c - +0 shield
rNeg     . . .     Faith    .   r - +0 scale mail of Limitation {rElec}
rPois    .         Spirit   .   (helmet restricted)
rElec    +         Reflect  .   i - scarf {cloud immunity}
rCorr    .         Harm     .   (no gloves)
MR       .....                  (no boots)
Stlth    ..........             (no amulet)
HPRegen  0.21/turn              e - +4 ring of evasion
MPRegen  0.11/turn              A - ring "Boruw" {Fire Str+6}

@: corroded
A: horns 1, agile 1, strong 1, MP-powered wands
a: Upheaval, Elemental Force, Renounce Religion


You were on level 8 of the Dungeon.
You worshipped Qazlal.
Qazlal was most pleased with you.
You were near starving.

You visited 2 branches of the dungeon, and saw 9 of its levels.
You also visited: Ossuary.

You collected 331 gold pieces.

Inventory:

Hand Weapons
 a - a +0 war axe (weapon)
Missiles
 y - 3 atropa-tipped darts (quivered)
 G - 8 curare-tipped darts
Armour
 b - a +0 scale mail
 c - a +0 shield (worn)
 g - a +0 helmet
 i - a scarf of cloud immunity (worn)
 r - the +0 scale mail of Limitation (worn) {rElec}
   (You found it in an ossuary)

   It insulates you from electricity.
Jewellery
 e - a +4 ring of evasion (left hand)
 A - the ring "Boruw" (right hand) {Fire Str+6}
   (You found it on level 4 of the Dungeon)

   [ring of fire]

   It enhances your fire magic.
   It affects your strength (+6).
   It protects you from fire.
   It makes you vulnerable to cold.
Wands
 F - a wand of digging (6)
 I - a wand of iceblast (5)
Scrolls
 j - 9 scrolls of remove curse
 l - 2 scrolls of blinking {unknown}
 o - 6 scrolls of teleportation
 s - 2 scrolls of fear
 u - 3 scrolls of immolation {unknown}
 x - 3 scrolls of enchant weapon {unknown}
 z - a scroll of fog
 H - a scroll of amnesia
Potions
 d - a potion of might
 h - 2 potions of cancellation
 k - 2 potions of haste
 m - 8 potions of curing
 p - 3 potions of heal wounds
 q - a potion of brilliance {unknown}
 t - 2 potions of berserk rage
 v - 2 potions of invisibility {unknown}
 w - a potion of resistance
 B - 2 potions of agility
 C - a potion of degeneration {unknown}
 D - 3 potions of lignification
Comestibles
 f - 14 rations
 J - a chunk of flesh


   Skills:
 - Level 3.6 Fighting
 + Level 16.3 Axes
 - Level 3.2 Armour
 - Level 3.2 Shields


You had 8 spell levels left.
You didn't know any spells.
Your spell library contained the following spells:

 Spells                   Type           Power        Failure   Level  Hunger
 Magic Dart               Conj           #...         99%         1    ##.....
 Blink                    Tloc           N/A          99%         2    ###....
 Call Imp                 Summ           #.......     99%         2    ###....
 Slow                     Hex            #.......     99%         2    ###....
 Conjure Flame            Conj/Fire      #.......     100%        3    ####...
 Mephitic Cloud           Conj/Pois/Air  #.......     100%        3    ####...


Dungeon Overview and Level Annotations

Branches:
Dungeon (8/15)             Temple (1/1) D:7         Ossuary (visited)
   Lair: D:8-11

Altars:
Dithmenos
Fedhas
Gozag
Qazlal
Uskayaw

Shops:
D:5 (

Annotations:
D:8 Maurice


Innate Abilities, Weirdness & Mutations

You have a pair of small horns on your head.
You are agile. (Dex +2)
Your muscles are strong. (Str +2)
You expend magic power (3 MP) to strengthen your wands.


Message History

You are near starving!
Something hits you.
Something steals 2 of your 8 scrolls of teleportation!
You barely miss something. Something hits you.
Something steals 2 of your 5 atropa-tipped darts!
You slash something! You headbutt something.
You hear a zap.
A bolt of acid appears from out of thin air!
The bolt of acid hits you! The acid corrodes you!
You are splashed with acid!
You slash something! You hit something. You slash something!
Your headbutt misses something. Something hits you but does no damage.
You hit something but do no damage. Your headbutt misses something.
You hear a zap.
A bolt of acid appears from out of thin air!
The bolt of acid hits you!!
* * * LOW HITPOINT WARNING * * *
The acid corrodes you!
You are splashed with acid!
You die...

#### #.. #.#
#####.#######
#.{@○).......
#.##..###.###
#[ #..# #.
#..# .. ....
......#.
##.#####.# #.
. # #.


There were no monsters in sight!

Vanquished Creatures
  A spriggan (D:7)
  A hungry ghost (D:7)
  Menkaure (D:4)
  A sky beast (D:6)
  A necrophage (D:7)
  2 ogres (D:5)
  A phantom (D:6)
  4 centaurs
  2 big kobolds (D:7)
  A bullfrog (D:6)
  2 water moccasin zombies (Ossuary)
  3 scorpions
  4 howler monkeys
  A bullfrog zombie (D:6)
  A crimson imp (D:5)
  6 orc priests
  6 hounds
  A bullfrog skeleton (D:5)
  4 iguanas
  6 orc wizards
  3 worker ants
  5 big kobold zombies (Ossuary)
  2 mummies (Ossuary)
  A worker ant zombie (D:5)
  A howler monkey skeleton (D:4)
  2 gnolls (D:1)
  12 adders
  2 shadow imps
  An adder skeleton (D:4)
  8 adder zombies
  A worm (D:2)
  A dart slug (D:3)
  8 leopard geckos
  28 orcs
  11 bats
  10 giant cockroaches
  A gnoll zombie (Ossuary)
  12 goblins
  5 hobgoblins
  7 jackals
  A quokka (D:3)
  7 frilled lizards
  A goblin zombie (D:5)
  3 hobgoblin zombies (Ossuary)
  12 kobolds
  4 kobold zombies (Ossuary)
  6 orc zombies (Ossuary)
  A quokka skeleton (D:4)
  A quokka zombie (D:5)
  5 rats
211 creatures vanquished.

Notes
Turn   | Place    | Note
-------+----------+-------------------------------------------
     0 | D:1      | Delamore the Hill Orc Fighter began the quest for the Orb.
     0 | D:1      | Reached XP level 1. HP: 19/19 MP: 1/1
    31 | D:1      | Reached skill level 3 in Axes
    37 | D:1      | Reached skill level 4 in Axes
    37 | D:1      | Reached XP level 2. HP: 26/26 MP: 2/2
    40 | D:1      | Reached XP level 3. HP: 28/31 MP: 3/3
   148 | D:1      | Reached skill level 5 in Axes
   746 | D:2      | Gained mutation: You are agile. (Dex +2) [potion of
                  | mutation]
   746 | D:2      | Gained mutation: Your muscles are strong. (Str +2) [potion
                  | of mutation]
   746 | D:2      | Gained mutation: You have a pair of small horns on your
                  | head. [potion of mutation]
   746 | D:2      | Gained mutation: You expend magic power (3 MP) to
                  | strengthen your wands. [potion of mutation]
   760 | D:2      | Reached XP level 4. HP: 7/39 MP: 4/4
  1116 | D:2      | Reached skill level 6 in Axes
  1472 | D:2      | Found a hide-covered altar of Uskayaw.
  1472 | D:2      | Found an opulent altar of Gozag.
  1781 | D:2      | Reached XP level 5. HP: 45/45 MP: 5/5
  1868 | D:3      | Found a stormy altar of Qazlal.
  1871 | D:3      | Noticed a water elemental
  1872 | D:3      | Noticed a fire elemental
  1872 | D:3      | Noticed an air elemental
  1877 | D:3      | Became a worshipper of Qazlal Stormbringer
  1899 | D:3      | Noticed a centaur
  1906 | D:3      | Killed a centaur
  1906 | D:3      | Reached skill level 7 in Axes
  2011 | D:3      | Found a shadowy altar of Dithmenos.
  2017 | D:3      | Reached skill level 8 in Axes
  2017 | D:3      | Reached XP level 6. HP: 48/51 MP: 6/6
  2628 | D:4      | Reached * piety under Qazlal
  2650 | D:4      | Got a brightly glowing silver ring
  2892 | D:4      | Noticed Menkaure
  2898 | D:4      | Killed Menkaure
  2898 | D:4      | Reached skill level 9 in Axes
  3206 | D:5      | Entered Level 5 of the Dungeon
  3207 | D:5      | Identified the ring "Boruw" {Fire Str+6} (You found it on
                  | level 4 of the Dungeon)
  3221 | D:5      | Found a sand-covered staircase.
  3234 | Ossuary  | Entered an ossuary
  3261 | Ossuary  | Reached XP level 7. HP: 54/57 MP: 7/7
  3276 | Ossuary  | Reached skill level 10 in Axes
  3413 | Ossuary  | Reached ** piety under Qazlal
  3526 | Ossuary  | Got a distressingly furry scale mail
  3565 | Ossuary  | Identified the +0 scale mail of Limitation {rElec} (You
                  | found it in an ossuary)
  3676 | D:5      | Reached skill level 11 in Axes
  3724 | D:5      | Reached XP level 8. HP: 56/64 MP: 8/8
  3858 | D:5      | Reached skill level 12 in Axes
  4060 | D:5      | Reached skill level 13 in Axes
  4083 | D:5      | Found Ipsut's Weapon Emporium.
  4844 | D:6      | Reached skill level 14 in Axes
  4844 | D:6      | Reached XP level 9. HP: 54/70 MP: 9/9
  4876 | D:6      | Found a blossoming altar of Fedhas.
  5229 | D:6      | Reached *** piety under Qazlal
  5374 | D:7      | Reached skill level 15 in Axes
  5403 | D:7      | Found a staircase to the Ecumenical Temple.
  5855 | D:7      | Reached skill level 16 in Axes
  6291 | Temple   | Entered the Ecumenical Temple
  6317 | D:8      | Noticed Maurice
  6332 | D:8      | Splashed by Maurice's acid

Levels and vault maps discovered:
D:1:      matt_arrival_los_fun, layout_basic, serial_bayou_pond_a
D:2:      minmay_inner_zag, layout_basic, gammafunk_temple_overflow_pools
D:3:      layout_basic, old_standard_altar, nicolae_qazlal_style_of_elements,
          minmay_vboxes
D:4:      layout_rooms, serial_curves, eino_curves_02, eino_curves_03,
          uniq_menkaure
D:5:      layout_basic, first_ration, serial_shops, shop, enter_ossuary_4,
          abandoned_shop
D:6:      layout_basic, fedhas_bush_and_centaur_altar
D:7:      layout_cave_pods, minmay_temple_entry_sparse_star, the_bakery
D:8:      layout_loops_ring, ashenzari_altar_1, dk_noncrumbling_3, uniq_maurice
Temple:   eino_temple_scatter_basement

Skill      XL: |  1  2  3  4  5  6  7  8  9 |
---------------+----------------------------+-----
Axes           | 4 5 6 8 9 11 14 16 | 16.3
Fighting       | |  3.6
Armour         | |  3.2
Shields        | |  3.2

Action                   |  1- 3 |  4- 6 |  7- 9 || total
-------------------------+-------+-------+-------++-------
Melee: War axe           |   100 |   187 |   323 ||   610
       Headbutt          |       |    27 |    71 ||    98
Throw: Dart              |       |       |     6 ||     6
  Use: Potion            |     2 |       |       ||     2
       Scroll            |       |     2 |    14 ||    16
  Eat: Chunk             |       |     7 |     8 ||    15
       Ration            |       |       |     1 ||     1
Armor: Scale mail        |    28 |       |    25 ||    53
       Plate armour      |    21 |    81 |    21 ||   123
       Skin              |    13 |     9 |       ||    22
Dodge: Dodged            |    48 |    54 |    73 ||   175
Block: Shield            |    72 |    90 |   155 ||   317
